 Dungeon Crawl Stone Soup version 0.17.0-27-g4a3f43e (console) character file.

128 jw the Cutter (level 5, -4/54 HPs)
             Began as an Octopode Berserker on Nov 21, 2015.
             Was a Believer of Trog.
             Slain by an iguana (13 damage)
             ... on level 4 of the Dungeon.
             The game lasted 00:08:24 (3926 turns).

jw the Cutter (Octopode Berserker)                  Turns: 3926, Time: 00:08:24

Health: -4/54      AC:  1    Str: 22    XL:     5   Next: 12%
Magic:  5/5        EV: 13    Int:  9    God:    Trog [**....]
Gold:   119        SH:  0    Dex: 12    Spells: 0 memorised, 4 levels left

rFire  . . .     SeeInvis .     a - +0 short sword
rCold  . . .     Clarity  .     (no shield)
rNeg   . . .     SustAt   .     (helmet restricted)
rPois  .         Gourm    .     (no amulet)
rElec  .         Spirit   .     (no ring)
rCorr  .         Warding  .     (no ring)
rMut   .         Stasis   .     (no ring)
MR     ++...                    (no ring)
Stlth  ..........               (no ring)
                                (no ring)
                                (no ring)
                                (no ring)

@: berserking, lethally poisoned (-4 -> -4), regenerating, very quick, very
resistant to hostile enchantments, extremely unstealthy
A: almost no armour, amphibious, 8 rings, constrict 8, camouflage 1, gelatinous
body 1
a: Berserk, Trog's Hand, Burn Spellbooks, Renounce Religion


You were on level 4 of the Dungeon.
You worshipped Trog.
Trog was pleased with you.
You were not hungry.

You visited 1 branch of the dungeon, and saw 4 of its levels.

You collected 119 gold pieces.

Inventory:

Hand Weapons
 a - a +0 short sword (weapon)
Missiles
 d - 120 stones (quivered)
Scrolls
 c - a scroll of recharging
 e - 3 scrolls of identify
Potions
 g - a potion of curing
Comestibles
 b - 3 bread rations
 f - 4 meat rations
 j - 3 fruits


   Skills:
 + Level 3.4 Fighting
 * Level 4.1 Short Blades
 + Level 1.1 Throwing
 + Level 3.4 Dodging
 * Level 3.3 Stealth


You had 4 spell levels left.
You didn't know any spells.

Dungeon Overview and Level Annotations

Branches:
Dungeon (4/15)
 Temple: D:4-7

Altars:
Elyvilon
Fedhas
Gozag
Kikubaaqudgha
Yredelemnul


Innate Abilities, Weirdness & Mutations

You cannot wear most types of armour.
You are amphibious.
You can wear up to eight rings at the same time.
You can use your tentacles to constrict eight enemies at once.
Your skin changes colour to match your surroundings (Stealth).
Your rubbery body absorbs attacks (AC +1).


Message History

You feel sick. The adder bites you.
You feel sick. The adder closely misses you. The adder bites you.
The adder bites you but does no damage.
You finish eating.
That bread ration really hit the spot!
Your skin crawls.
You feel resistant to hostile enchantments.
You feel slightly more hungry. The adder closely misses you.
A red film seems to cover your vision as you go berserk!
You feel yourself moving faster!
You feel mighty!
You feel somewhat more hungry.
You feel sick. The adder closely misses you.
ATTACK MOVE TO (1,0)
You puncture the adder!
You kill the adder!
Trog accepts your kill.
ATTACK MOVE TO (1,0)
You puncture the iguana! Your grab misses the iguana.
The iguana is heavily wounded.
The iguana bites you!
You die...

### #.# ... ....) .# #.# #.#.# ..
#.# #.#.# #.## .# #.# #.#.# ..#
##.##### #.# #.#.# #.# #.......
#.# #.#.# #.###.......
######.#####.#.#######..##.......
................xl...............
#######.###.##.########.#........
# #.# #.##.#<..# #.......(..
#######.# #......#.#####.......?(
......#.###......#...............
..###.#...#......######.#.#.#####
..# #.###.#......# #.#...#
..###.###.#......# #.#...#
..#................ #.#...#


You could see an iguana.

Table legend:
 A = Turns spent in this place as a percentage of turns spent in the entire game.
 B = Non-inter-level travel turns spent in this place as a percentage of non-inter-level travel turns spent in the entire game.
 C = Inter-level travel turns spent in this place as a percentage of turns spent in this place.
 D = Turns resting spent in this place as a percentage of non-inter-level travel turns spent in this place.
 E = Turns spent auto-exploring this place as a percentage of non-inter-level travel turns spent in this place.
 F = Non-inter-level travel turns spent in this place divided by the number of levels of this place that you've seen.
                   A       B       C       D       E      F
               +-------+-------+-------+-------+-------+----------------------
         Total | 100.0 | 100.0 |   0.4 |   1.1 |   2.8 | 974.5
       Dungeon | 100.0 | 100.0 |   0.4 |   1.1 |   2.8 | 974.5
               +-------+-------+-------+-------+-------+----------------------

Table legend:
 A = Kills in this place as a percentage of kills in entire the game.
 B = Kills by you in this place as a percentage of kills by you in the entire game.
 C = Kills by friends in this place as a percentage of kills by friends in the entire game.
 D = Other kills in this place as a percentage of other kills in the entire game.
 E = Experience gained in this place as a percentage of experience gained in the entire game.
 F = Experience gained in this place divided by the number of levels of this place that you have seen.
                   A       B       C       D       E      F
               +-------+-------+-------+-------+-------+----------------------
         Total | 100.0 | 100.0 |  -nan |  -nan | 100.0 |  46.0
       Dungeon | 100.0 | 100.0 |  -nan |  -nan | 100.0 |  46.0
               +-------+-------+-------+-------+-------+----------------------

Vanquished Creatures
  A centaur zombie (D:2)
  4 adders
  2 worms (D:2)
  2 giant geckos
  A ball python (D:2)
  5 bats
  2 giant cockroaches
  3 hobgoblins
  2 jackals (D:2)
  9 kobolds
  2 quokkas
  A ball python skeleton (D:4)
  A giant newt (D:2)
  12 goblins
  5 rats
  A spectral orc (D:2)
53 creatures vanquished.

Notes
Turn   | Place    | Note
--------------------------------------------------------------
     0 | D:1      | jw the Octopode Berserker began the quest for the Orb.
     0 | D:1      | Reached XP level 1. HP: 16/16 MP: 1/1
   229 | D:1      | Reached XP level 2. HP: 21/21 MP: 2/2
   914 | D:2      | Reached skill level 1 in Stealth
   940 | D:2      | Reached XP level 3. HP: 14/26 MP: 3/3
  1895 | D:2      | Found an opulent altar of Gozag.
  2141 | D:2      | Found a basalt altar of Yredelemnul.
  2404 | D:2      | Found a blossoming altar of Fedhas.
  2575 | D:2      | Reached ** piety under Trog
  2575 | D:2      | Reached XP level 4. HP: 22/31 MP: 4/4
  2924 | D:2      | Reached skill level 1 in Throwing
  3332 | D:3      | Found an ancient bone altar of Kikubaaqudgha.
  3367 | D:3      | Reached skill level 4 in Short Blades
  3569 | D:3      | Reached XP level 5. HP: 36/36 MP: 5/5
  3821 | D:4      | Found a white marble altar of Elyvilon.
  3926 | D:4      | Slain by an iguana

Action                   |  1- 3 |  4- 6 || total
-------------------------+-------+-------++-------
Melee: Short sword       |    67 |    28 ||    95
Throw: Tomahawk          |    28 |    12 ||    40
       Stone             |    35 |    14 ||    49
Invok: Berserk           |       |     2 ||     2
       Trog's Hand       |       |     1 ||     1
  Use: Scroll            |     2 |     5 ||     7
       Potion            |       |     2 ||     2
 Stab: Sleeping          |     7 |     5 ||    12
  Eat: Chunk             |     5 |     3 ||     8
       Bread ration      |       |     1 ||     1

Vault maps used:
D:1:      sevenhm_arrival_forest_fort_small_5
D:2:      fedhas_altar_4, grunt_gozag_statues,
          yredelemnul_forgotten_temple_becter, serial_glass, glass_columns_b,
          glass_columns_a, first_bread, kennysheep_generic_room_15
D:3:      lemuel_crystal_altar, serial_curves, eino_curves_04, eino_curves_04,
          eino_curves_03
D:4:      lemuel_crystal_altar
